Map: Eternal Empire LE

Players

Beastyqt

  • Race: Terran Terran
  • League: Master
  • Spawn Location: 7:00

A.I. 1 (Very Easy) - Winner!

  • Race: Zerg Zerg
  • Spawn Location: 1:00

VOD

https://www.youtube.com/watch?v=BJBG0AzJB08

Description

Time

  • Played on: March 28, 2020, 2:45 p.m.
  • Length: 9:03
Show
View Real Time Build Order
Export as new Build Order

Beastyqt Terran 

Build Orders: Reaper Expand, Hellion Banshee 

Get SALT Encoding   

  12  0:01  SCV  
  13  0:13  SCV  
  14  0:17  Supply Depot  
  14  0:25  SCV  
  15  0:38  SCV  
  15  0:40  Barracks  
  16  0:44  Refinery  
  16  0:50  SCV  
  17  1:03  SCV  
  18  1:15  SCV  
  19  1:27  Orbital Command, Reaper  
  20  1:39  Command Center  
  20  1:50  Supply Depot  
  20  1:53  SCV  
  21  1:59  Marine  
  22  2:05  SCV  
  23  2:13  Factory  
  23  2:17  SCV  
  23  2:22  Barracks Reactor  
  24  2:26  Refinery  
  24  2:29  SCV  
  25  2:41  SCV  
  26  2:51  Orbital Command  
  26  2:53  SCV  
  27  2:59  Starport  
  27  3:06  Hellion x2, SCV  
  27  3:08  Barracks Tech Lab  
  32  3:15  Supply Depot  
  32  3:16  SCV  
  32  3:18  SCV  
  34  3:27  Hellion x2  
  34  3:28  SCV  
  34  3:30  SCV  
  40  3:38  Supply Depot  
  40  3:40  SCV  
  40  3:41  Banshee  
  41  3:42  Cloaking Field, SCV  
  47  3:48  Hellion  
  47  3:50  Hellion  
  47  3:53  SCV  
  47  3:55  SCV  
  51  3:59  Armory  
  51  4:02  Supply Depot  
  51  4:05  SCV  
  54  4:10  Hellion  
  54  4:11  Hellion, SCV  
  58  4:17  SCV  
  58  4:23  SCV  
  58  4:24  Banshee, Supply Depot  
  59  4:28  Barracks Tech Lab  
  59  4:30  SCV  
  63  4:35  SCV  
  68  4:44  Command Center  
  64  4:46  SCV  
  64  4:48  Factory Reactor, Supply Depot  
  64  4:49  Marine, Stimpack  
  66  4:53  SCV  
  67  5:02  SCV  
  67  5:05  Barracks x2  
  67  5:06  SCV  
  69  5:07  Refinery  
  69  5:08  Marine, Refinery  
  70  5:14  SCV  
  70  5:19  SCV, Starport Reactor, Supply Depot  
  72  5:26  Engineering Bay, SCV  
  72  5:28  Marine  
  74  5:29  Engineering Bay  
  74  5:31  SCV  
  75  5:36  Siege Tank  
  75  5:38  SCV  
  75  5:42  Supply Depot  
  79  5:43  SCV  
  79  5:46  Marine  
  81  5:51  SCV  
  81  5:54  Marine x2  
  84  5:58  Terran Infantry Armor Level 1, Terran Infantry Weapons Level 1, SCV, Supply Depot  
  84  5:59  Orbital Command  
  84  6:00  Marine x2  
  84  6:03  Marine  
  88  6:06  Medivac x2  
  88  6:09  SCV  
  93  6:12  SCV, Marine  
  93  6:15  Siege Tank  
  93  6:18  Orbital Command, Marine  
  99  6:21  SCV  
  99  6:23  Marine x2  
  99  6:24  Supply Depot  
  102  6:25  SCV  
  102  6:27  Terran Vehicle Weapons Level 1  
  102  6:28  Marine  
  102  6:30  Marine  
  105  6:33  SCV  
  105  6:35  Marine  
  105  6:39  Combat Shield  
  107  6:40  Marine x2  
  107  6:42  SCV  
  107  6:46  Marine  
  111  6:47  Marine  
  111  6:53  Supply Depot  
  112  6:55  SCV x2  
  112  6:56  SCV, Barracks  
  112  6:57  Barracks  
  112  6:58  Factory  
  112  7:00  Siege Tank  
  118  7:04  Refinery x2  
  118  7:07  SCV x2  
  118  7:08  Marine x3  
  120  7:09  SCV  
  120  7:10  Marine  
  120  7:11  Marine  
  126  7:16  Medivac x2, Supply Depot  
  126  7:19  SCV  
  131  7:25  SCV x2, Supply Depot  
  131  7:26  Marine x3  
  136  7:30  Marine  
  136  7:31  SCV  
  136  7:32  Siege Tank  
  141  7:38  Marine, Supply Depot  
  141  7:39  SCV  
  141  7:43  Barracks Reactor, Factory Tech Lab  
  141  7:44  Barracks Reactor, Marine x2  
  143  7:46  Marine  
  143  7:48  Supply Depot  
  143  7:50  Medivac  
  150  7:52  Supply Depot  
  150  7:58  Concussive Shells  
  150  8:00  Command Center  
  150  8:04  Marine x5  
  155  8:12  Supply Depot  
  153  8:13  Siege Tank  
  153  8:15  Supply Depot  
  153  8:19  Siege Tank  
  159  8:21  Marine x4  
  159  8:22  Marine x2  
  159  8:26  Marine x2  
  167  8:31  Marine  
  168  8:39  Marine x6  
  168  8:41  Supply Depot  
  174  8:44  Marine x2  
  174  8:46  SCV  
Show
View Real Time Build Order
Export as new Build Order

A.I. 1 (Very Easy) Zerg - Winner!

Build Orders: Pool First 

Get SALT Encoding   

  12  0:00  Drone  
  13  0:12  Overlord  
  13  0:16  Drone  
  14  0:38  Spawning Pool  
  14  0:39  Extractor  
  14  0:40  Drone  
  13  0:47  Drone  
  14  0:53  Overlord  
  14  1:26  Zergling x2, Queen  
  14  1:31  Roach Warren  
  16  1:34  Drone  
  16  1:38  Extractor  
  16  1:43  Drone  
  16  1:46  Zergling x2  
  18  1:58  Drone  
  19  2:06  Zergling x2  
  20  2:09  Drone  
  21  2:19  Drone  
  22  2:30  Drone  
  22  2:33  Overlord  
  23  2:37  Drone  
  24  2:44  Drone  
  25  4:22  Drone  
  25  5:58  Drone, Roach, Lair  
  28  6:05  Drone  
  29  6:12  Drone  
  29  6:13  Overlord  
  30  6:19  Drone  
  31  6:26  Drone  
  32  6:33  Drone  
  30  6:40  Ravager, Zergling x2  
  32  6:59  Overseer x2  
  32  7:22  Roach  
  34  7:23  Hatchery  
  33  8:35  Zergling x2  
  33  8:36  Drone  
  33  8:39  Overseer  
  33  8:40  Overlord  
  35  8:43  Drone  
Tags
 
Add a new tag
Caveats
  • Supply blocks, unpowered buildings, or Contaminate may cause inaccurate times.
  • Supply counts are checked every 10 seconds.